[Event "Titled Tuesday Blitz March 08 Early 2022"]
[White "Urbina Perez, Juan Antonio"]
[Black "Zhu, Jiner"]
[WhiteFideId "2217368"]
[BlackFideId "8608059"]
[WhiteElo "2192"]
[BlackElo "2281"]
[Result "1/2-1/2"]
[Round "03"]
[TimeControl "180+1"]
[Date "2022.03.09"]
[WhiteClock "0:00:08"]
[BlackClock "0:00:04"]

1. e4 e5 2. Nf3 Nc6 3. Bc4 Bc5 4. c3 Nf6 5. d3 d6 6. O-O O-O 7. Re1 h6 8. h3 Na5 9. Bb5 a6 10. Ba4 b5 11. Bc2 Bb6 12. a4 Be6 13. axb5 axb5 14. Nbd2 Nc6 15. Rxa8 Qxa8 16. Nf1 Re8 17. Be3 Qb7 18. Bb3 b4 19. Bxe6 Rxe6 20. Qb3 Re8 21. Ra1 Rb8 22. Bxb6 Qxb6 23. Ne3 bxc3 24. Qxb6 Rxb6 25. bxc3 Rb3 26. Rc1 Na7 27. Nd2 Ra3 28. Ndc4 Rb3 29. Nd2 Rb8 30. Rb1 Rxb1+ 31. Nxb1 Kf8 32. Kf1 Ke7 33. Ke2 c6 34. f3 Nb5 35. Nd2 g6 36. Nd1 Nd7 37. Ke3 Nb6 38. d4 Na4 39. dxe5 dxe5 40. Nc4 Ke6 41. Kd3 f5 42. g4 Nc5+ 43. Ke3 fxe4 44. fxe4 Nd6 45. Nd2 g5 46. Nf2 Kf6 47. Nd3 Ne6 48. Nb4 Nf4 49. Nxc6 Nxh3 50. c4 Nf4 51. Nb4 Ne6 52. Nd5+ Kf7 53. Nf3 Nxc4+ 54. Kd3 Nd6 55. Nxe5+ Kg7 56. Ke3 Nc5 57. Nc3 Ne8 58. Nf3 Nf6 59. Nh2 Kf7 60. e5 Nfd7 61. Nf3 Ke6 62. Kd4 Nb3+ 63. Ke4 Nbc5+ 64. Kd4 Nb3+ 65. Kc4 Na5+ 66. Kb5 Nb3 67. Kc4 Na5+ 68. Kd4 Nc6+ 69. Ke4 Ncxe5 70. Nd4+ Kf6 71. Nd5+ Kg6 72. Ne3 Nf7 73. Ndf5 Nde5 74. Ne7+ Kg7 75. N7f5+ Kg6 76. Ne7+ Kf6 77. N7d5+ Ke6 78. Nc7+ Kd7 79. Ncd5 Ke6 80. Nc7+ Ke7 81. Ncd5+ Kd6 82. Nf6 Ke6 83. Nfd5 Nd6+ 84. Kd4 Nf3+ 85. Kc5 Ne4+ 86. Kc4 Ke5 87. Nf5 Ned2+ 88. Kc5 Ne4+ 89. Kc4 Nfd2+ 90. Kd3 Kxd5 91. Nxh6 Ke6 92. Nf5 Ke5 93. Ne3 Kf4 94. Ke2 Nf3 95. Nd5+ Kxg4 96. Ne7 Kh3 97. Kxf3 Nd2+ 98. Ke2 g4 99. Nf5 Ne4 100. Ke3 Ng3 101. Nh6 Nf1+ 102. Kf2 g3+ 103. Kxf1 Kh2 104. Ng4+ Kh1 105. Ne3 g2+ 106. Nxg2 1/2-1/2


[Site "https://www.chess.com"]

[Event "Titled Tuesday Blitz March 08 Early 2022"]
[White "Van den Dikkenberg, Erik"]
[Black "Golizadeh, Asghar"]
[WhiteFideId "1005880"]
[BlackFideId "12505269"]
[WhiteElo "2118"]
[BlackElo "2403"]
[Result "1-0"]
[Round "03"]
[TimeControl "180+1"]
[Date "2022.03.09"]
[WhiteClock "0:00:35"]
[BlackClock "0:00:59"]

1. e4 c5 2. Nc3 d6 3. f4 g6 4. Nf3 Bg7 5. Bc4 e6 6. O-O Ne7 7. d3 Nbc6 8. Qe1 O-O 9. Kh1 d5 10. Bb5 Nd4 11. Nxd4 cxd4 12. Ne2 dxe4 13. dxe4 Bd7 14. Bd3 Rc8 15. b3 Nc6 16. Bb2 Qb6 17. Qf2 Rfd8 18. f5 exf5 19. exf5 Bxf5 20. Bxf5 gxf5 21. Qxf5 Ne7 22. Qxf7+ Kh8 23. Qxe7 Rxc2 24. Bxd4 Rxe2 25. Qxg7# 1-0


[Site "https://www.chess.com"]

[Event "Titled Tuesday Blitz March 08 Early 2022"]
[White "Vianello, Enrico"]
[Black "Piliczewski, Bogusz"]
[WhiteFideId "810738"]
[BlackFideId "1104144"]
[WhiteElo "2311"]
[BlackElo "1896"]
[Result "1-0"]
[Round "03"]
[TimeControl "180+1"]
[Date "2022.03.09"]
[WhiteClock "0:00:15"]
[BlackClock "0:00:02"]

1. Nf3 d5 2. c4 c6 3. e3 Nf6 4. b3 Bf5 5. Bb2 e6 6. Nc3 Nbd7 7. Be2 Bd6 8. O-O h6 9. d3 O-O 10. Rc1 e5 11. cxd5 cxd5 12. Qc2 Rc8 13. Qb1 e4 14. Nd4 Bh7 15. dxe4 dxe4 16. Rfd1 Qe7 17. Ncb5 Bb8 18. Ba3 Nc5 19. Rd2 Qe5 20. g3 Rfd8 21. Rcd1 Nd3 22. Nc3 Rxc3 23. Bb2 Rdc8 24. Bxc3 Rxc3 25. Rc2 Rxc2 26. Qxc2 Qc7 27. Qd2 Nd5 28. Rb1 Nc3 29. Bxd3 exd3 30. Rc1 Ne2+ 31. Nxe2 Qd8 32. Nf4 Bxf4 33. gxf4 Be4 34. Rc4 f5 35. Rd4 Qc7 36. f3 Qc2 37. Qxc2 dxc2 38. Rc4 1-0


[Site "https://www.chess.com"]

[Event "Titled Tuesday Blitz March 08 Early 2022"]
[White "Vifleemskaia, Svetlana"]
[Black "De Souza, Cristiano Gomes"]
[WhiteFideId "4129490"]
[BlackFideId "2151758"]
[WhiteElo "1901"]
[BlackElo "2068"]
[Result "1/2-1/2"]
[Round "03"]
[TimeControl "180+1"]
[Date "2022.03.09"]
[WhiteClock "0:00:50"]
[BlackClock "0:00:09"]

1. d4 Nf6 2. c4 g6 3. Nc3 Bg7 4. e4 d6 5. Nge2 O-O 6. Ng3 Nbd7 7. Be2 e5 8. d5 a5 9. O-O Nc5 10. Be3 h5 11. f3 h4 12. Nh1 Nh5 13. Qe1 Nf4 14. Qd2 Qg5 15. Bxf4 exf4 16. Nf2 h3 17. g4 Be5 18. Nxh3 Qh4 19. Kg2 Kg7 20. Qe1 Qh7 21. Ng5 Qh6 22. h4 Rh8 23. Rh1 f6 24. Ne6+ Nxe6 25. dxe6 Bxe6 26. Nd5 Bxd5 27. exd5 Rae8 28. Qd2 b6 29. Bd3 g5 30. hxg5 Qxg5 31. Bf5 Rxh1 32. Rxh1 Rh8 33. Rxh8 Kxh8 34. Qe1 Qh6 35. b3 Kg7 36. Qh1 Qxh1+ 37. Kxh1 Kh6 38. Kg2 Kg5 39. a4 Bd4 40. Kh3 Bc5 41. Be6 Bb4 42. Bf5 Bc5 43. Be6 Bb4 44. Bf5 Bc5 1/2-1/2


[Site "https://www.chess.com"]

[Event "Titled Tuesday Blitz March 08 Early 2022"]
[White "Vlassov, Nikolai"]
[Black "Miszler, Levente"]
[WhiteFideId "4103360"]
[BlackFideId "763276"]
[WhiteElo "2407"]
[BlackElo "1966"]
[Result "1-0"]
[Round "03"]
[TimeControl "180+1"]
[Date "2022.03.09"]
[WhiteClock "0:01:26"]
[BlackClock "0:00:02"]

1. e4 e6 2. d4 d5 3. exd5 exd5 4. Nf3 Nf6 5. c4 Bb4+ 6. Nc3 O-O 7. Bd3 Re8+ 8. Be3 Ng4 9. O-O Nxe3 10. fxe3 Rxe3 11. Nxd5 Rxd3 12. Qxd3 Bd6 13. Rae1 c6 14. Ng5 Qxg5 15. Re8+ Bf8 16. Ne7+ Qxe7 17. Rxe7 Bxe7 18. Re1 Be6 19. d5 cxd5 20. cxd5 Bc5+ 21. Kh1 Bd7 22. b4 Bxb4 23. Rb1 Na6 24. a3 Rc8 25. axb4 Nxb4 26. Qd4 a5 27. h3 h6 28. Qb6 Nxd5 29. Qxb7 Be6 30. Qa6 g6 31. Qxa5 h5 32. Rd1 Kg7 33. Rxd5 Bxd5 34. Qxd5 Re8 35. Qd4+ Kg8 36. Kh2 Re6 37. Kg3 Kh7 38. Qd8 Re5 39. Qf8 Rf5 40. Kh4 Rf1 41. g4 hxg4 42. hxg4 Rf2 43. Kg5 Rf1 44. Qh6+ Kg8 45. Qh3 Rf2 46. Kh6 Re2 47. Qg3 Re6 48. Qb8+ 1-0


[Site "https://www.chess.com"]

[Event "Titled Tuesday Blitz March 08 Early 2022"]
[White "Voit, Daria"]
[Black "Yuan, Qingyu"]
[WhiteFideId "4182146"]
[BlackFideId "8609772"]
[WhiteElo "2560"]
[BlackElo "2758"]
[Result "0-1"]
[Round "03"]
[TimeControl "180+1"]
[Date "2022.03.09"]
[WhiteClock "0:01:28"]
[BlackClock "0:01:33"]

1. d4 Nf6 2. Bg5 d5 3. Bxf6 gxf6 4. Nf3 c5 5. c4 cxd4 6. cxd5 Qxd5 7. Qxd4 Qa5+ 8. Nc3 Nc6 9. Qh4 Bf5 10. Nd4 Nxd4 11. Qxd4 e5 12. Qh4 Bb4 13. Rc1 Rc8 14. Qg3 Qxa2 0-1


[Site "https://www.chess.com"]

[Event "Titled Tuesday Blitz March 08 Early 2022"]
[White "Vokhidov, Shamsiddin"]
[Black "Abdyzhapar, Asylbek"]
[WhiteFideId "14204223"]
[BlackFideId "13800337"]
[WhiteElo "2611"]
[BlackElo "2331"]
[Result "1-0"]
[Round "03"]
[TimeControl "180+1"]
[Date "2022.03.08"]
[WhiteClock "0:01:04"]
[BlackClock "0:00:32"]

1. e4 d6 2. d4 Nf6 3. Nc3 g6 4. Nf3 Bg7 5. Be2 O-O 6. O-O Nc6 7. d5 Nb8 8. Re1 c6 9. h3 Nbd7 10. Bf1 a5 11. a4 Nc5 12. Bf4 cxd5 13. exd5 Re8 14. Qd2 Bd7 15. Nd4 Rc8 16. Bh6 Bh8 17. Bg5 Bg7 18. Ndb5 Bf5 19. f3 h5 20. Qf2 Nh7 21. Be3 Bf6 22. Bd4 Bg5 23. g4 hxg4 24. fxg4 Bd7 25. Bg2 e5 26. dxe6 Bxe6 27. Re2 Bh4 28. Qf4 d5 29. Nd6 Bg5 30. Qh2 Re7 31. Nxc8 Qxc8 32. Rf1 Nd7 33. Nxd5 Bxd5 34. Bxd5 Ndf6 35. Rxe7 Nxd5 36. Rexf7 Qc4 37. Qb8+ 1-0


[Site "https://www.chess.com"]

[Event "Titled Tuesday Blitz March 08 Early 2022"]
[White "Von Buelow, Georg"]
[Black "Sinitsina, Anastassia"]
[WhiteFideId "4620658"]
[BlackFideId "4504640"]
[WhiteElo "2226"]
[BlackElo "2144"]
[Result "1-0"]
[Round "03"]
[TimeControl "180+1"]
[Date "2022.03.09"]
[WhiteClock "0:00:12"]
[BlackClock "0:00:10"]

1. e4 e5 2. Nf3 Nc6 3. Nc3 Nf6 4. d4 exd4 5. Nxd4 Bb4 6. Nxc6 bxc6 7. Bd3 d5 8. exd5 cxd5 9. O-O O-O 10. Bg5 c6 11. Qf3 Be7 12. h3 h6 13. Bf4 Bd6 14. Rfe1 Rb8 15. b3 Rb4 16. Ne2 Bxf4 17. Nxf4 Qd6 18. Nh5 Nxh5 19. Qxh5 Be6 20. c3 Rbb8 21. Rad1 Qf4 22. Qe5 Qxe5 23. Rxe5 Rfd8 24. f4 Kf8 25. Kf2 a5 26. f5 Bd7 27. Kf3 Re8 28. Kf4 f6 29. Rxe8+ Rxe8 30. c4 d4 31. c5 Re5 32. Be4 Rxc5 33. Rxd4 Ke7 34. g4 Rc1 35. Ra4 Rc5 36. Bd3 Rd5 37. Re4+ Kd8 38. Bc4 Rd2 39. a4 c5 40. Re3 Rh2 41. Rc3 Kc7 42. Re3 Kd6 43. Rd3+ Kc7 44. Re3 Kd6 45. Rd3+ Kc7 46. Kg3 Rc2 47. Bf7 c4 48. Bxc4 Bxa4 49. Bf7 Bc6 50. Kh4 Rh2 51. Kh5 Be4 52. Rc3+ Kd6 53. Kg6 h5 54. Kxg7 hxg4 55. hxg4 Rg2 56. Kxf6 Rxg4 57. Re3 Rf4 58. Be6 Bc2 59. Rc3 Rf2 60. Rc8 Bb1 61. Ra8 Ra2 62. Ra6+ Kc5 63. b4+ 1-0


[Site "https://www.chess.com"]

[Event "Titled Tuesday Blitz March 08 Early 2022"]
[White "Vusatiuk, Vladimir"]
[Black "Bryakin, Mikhail"]
[WhiteFideId "14118610"]
[BlackFideId "4165314"]
[WhiteElo "2157"]
[BlackElo "2417"]
[Result "0-1"]
[Round "03"]
[TimeControl "180+1"]
[Date "2022.03.08"]
[WhiteClock "0:00:03"]
[BlackClock "0:00:50"]

1. d4 f5 2. Nc3 Nf6 3. Bg5 d5 4. Bxf6 exf6 5. e3 c6 6. Bd3 Bd6 7. Qf3 g6 8. Nge2 Be6 9. O-O-O Nd7 10. h4 h5 11. Kb1 Qc7 12. Rc1 b5 13. Nf4 Bxf4 14. exf4 Kf7 15. Rhe1 a5 16. Bxb5 Rhb8 17. Ba4 Qd6 18. Bb3 Rb4 19. a3 Rxd4 20. Ne2 Re4 21. Qc3 Qc5 22. Qxc5 Nxc5 23. f3 Re3 24. Nd4 Rxe1 25. Rxe1 Bd7 26. Ba2 Nb7 27. c4 c5 28. cxd5 cxd4 29. d6+ Kf8 30. Re7 Nc5 31. Rf7+ Ke8 32. Rg7 Kd8 33. Bf7 Bc6 34. Rg8+ Kd7 35. Rg7 Kxd6 36. Bxg6 Bd5 37. Bxf5 Re8 38. Kc2 Re2+ 39. Kd1 Rxb2 40. g4 Bxf3+ 41. Ke1 hxg4 42. Bxg4 Rg2 43. h5 Rxg4 44. h6 Rh4 45. h7 Be4 46. Rd7+ Nxd7 0-1


[Site "https://www.chess.com"]

[Event "Titled Tuesday Blitz March 08 Early 2022"]
[White "Wagner, Dennis"]
[Black "Nakamura, Hikaru"]
[WhiteFideId "24650684"]
[BlackFideId "2016192"]
[WhiteElo "2355"]
[BlackElo "2850"]
[Result "0-1"]
[Round "03"]
[TimeControl "180+1"]
[Date "2022.03.08"]
[WhiteClock "0:00:06"]
[BlackClock "0:01:25"]

1. d4 g6 2. e4 Bg7 3. Nc3 a6 4. Be3 b5 5. Nf3 Bb7 6. Bd3 d6 7. a4 c6 8. O-O Nd7 9. Qd2 Ngf6 10. h3 O-O 11. Rfd1 e5 12. dxe5 dxe5 13. Ne2 Qe7 14. Ng3 Rfe8 15. b4 Bf8 16. Rdb1 Rad8 17. Qe2 Qd6 18. c4 bxa4 19. c5 Qc7 20. Rxa4 Nb8 21. Bc4 h6 22. Nh2 Bc8 23. Qf3 Qe7 24. Nhf1 Be6 25. Nd2 Kg7 26. Rc1 Rd7 27. Bxe6 Qxe6 28. Nc4 Red8 29. Qe2 Rd3 30. Raa1 h5 31. Nd6 Rb3 32. Nb7 Rd7 33. Na5 Rxb4 34. Nc4 Rb5 35. Nb6 Rd8 36. Kh2 h4 37. Nf1 Nxe4 38. Bh6+ Kxh6 39. Qxe4 Rd4 40. Qe3+ Kh7 41. Nd2 Bh6 0-1


[Site "https://www.chess.com"]

[Event "Titled Tuesday Blitz March 08 Early 2022"]
[White "Wong, Yinn Long"]
[Black "Yaniuk, Volodymyr"]
[WhiteFideId "5707684"]
[BlackFideId "14133083"]
[WhiteElo "2813"]
[BlackElo "2574"]
[Result "0-1"]
[Round "03"]
[TimeControl "180+1"]
[Date "2022.03.09"]
[WhiteClock "0:00:08"]
[BlackClock "0:00:07"]

1. Nf3 d5 2. g3 Nf6 3. Bg2 Bf5 4. O-O e6 5. d3 c6 6. c4 h6 7. Qb3 Qb6 8. Be3 Qxb3 9. axb3 a6 10. Nc3 Nbd7 11. Na4 Bb4 12. Rfc1 O-O 13. Nd4 Bg6 14. Nc2 Bd6 15. Bd2 Rfe8 16. b4 Rec8 17. c5 Bc7 18. Ra3 e5 19. Na1 e4 20. d4 Re8 21. Nb3 Rab8 22. Na5 Re7 23. Bf4 Nf8 24. Bxc7 Rxc7 25. Bh3 Re8 26. Kf1 N8h7 27. Re3 Ng5 28. Kg2 Kf8 29. Nb6 Nxh3 30. Kxh3 Bh5 31. Kg2 Ng4 32. Rec3 Nf6 33. Re1 Bg4 34. h3 Be6 35. g4 g5 36. Re3 h5 37. f3 Kg7 38. Na4 Rh8 39. Nc3 exf3+ 40. exf3 hxg4 41. fxg4 Kf8 42. Rf1 Kg7 43. Ne2 Ne4 44. Ng3 Kg6 45. Nb3 Rcc8 46. Nxe4 dxe4 47. Nd2 Rce8 48. Kg3 f5 49. gxf5+ Bxf5 50. Kg2 Rh4 51. Nc4 Reh8 52. Ne5+ Kf6 53. Ng4+ Ke6 54. Nf2 Kd5 55. Rd1 g4 56. hxg4 Bxg4 57. Rde1 Bf3+ 58. Kg3 R4h7 59. Nxe4 Bxe4 60. Rxe4 Rg7+ 61. Kf3 Rf8+ 62. Ke3 Rg3+ 63. Kd2 Kc4 64. d5+ Kxd5 65. Rh4 Rf2+ 66. Kc1 Rgg2 67. Rd1+ Ke5 68. Re1+ Kf5 69. Rh8 Rc2+ 70. Kb1 Rxb2+ 71. Kc1 Rgc2+ 72. Kd1 Rb1+ 73. Kxc2 Rxe1 74. Rh7 Re4 75. Kc3 a5 76. bxa5 Ra4 77. Rxb7 Rxa5 78. Kb4 Ra1 79. Rb6 Rb1+ 80. Kc4 Rc1+ 81. Kd4 Rd1+ 82. Ke3 Re1+ 83. Kd3 Rc1 84. Rxc6 Ke5 85. Rc8 Kd5 86. Rd8+ Kc6 87. Kd4 Rd1+ 88. Kc4 Rxd8 0-1


[Site "https://www.chess.com"]

[Event "Titled Tuesday Blitz March 08 Early 2022"]
[White "Zaichenko, Daria"]
[Black "Rottenwohrer Suarez, Juan"]
[WhiteFideId "4197453"]
[BlackFideId "32068182"]
[WhiteElo "2039"]
[BlackElo "2158"]
[Result "0-1"]
[Round "03"]
[TimeControl "180+1"]
[Date "2022.03.09"]
[WhiteClock "0:01:07"]
[BlackClock "0:01:35"]

1. e4 c5 2. Nf3 d6 3. d4 cxd4 4. Nxd4 Nf6 5. Nc3 Nc6 6. Bc4 Qb6 7. Be3 Qxb2 8. Ndb5 Qb4 9. Nc7+ Kd8 10. Nxa8 Qxc3+ 11. Bd2 Qxc4 12. f3 b6 13. a4 Bb7 14. Nxb6 axb6 15. a5 bxa5 16. Bxa5+ Nxa5 17. Rxa5 Qb4+ 18. Qd2 Qb1+ 19. Qd1 Qxd1+ 20. Kxd1 Kc7 21. Ke2 Nd7 22. Rb1 Nc5 23. c4 g6 24. Kd2 Bg7 25. Rab5 Ra8 26. Ke3 g5 27. g3 Ra3+ 28. Kf2 Bd4+ 29. Kg2 Ra1 30. Rxa1 Bxa1 31. h4 gxh4 32. gxh4 Bf6 33. Kg3 Ba6 34. Rb4 Be5+ 35. Kg4 Bc8+ 36. Kh5 Bf6 37. Rb1 Be6 38. Rh1 Bxc4 39. Kh6 Be2 40. Kxh7 Bxf3 41. Kg8 Bxh1 42. h5 Bxe4 43. h6 d5 44. Kxf7 d4 0-1


[Site "https://www.chess.com"]

[Event "Titled Tuesday Blitz March 08 Early 2022"]
[White "Zanette, Edgard Vinicius"]
[Black "Winkels, Marcel"]
[WhiteFideId "2109263"]
[BlackFideId "1003887"]
[WhiteElo "2182"]
[BlackElo "1900"]
[Result "1-0"]
[Round "03"]
[TimeControl "180+1"]
[Date "2022.03.09"]
[WhiteClock "0:00:46"]
[BlackClock "0:00:01"]

1. e4 c5 2. Nc3 d6 3. g3 g6 4. Bg2 Bg7 5. Nge2 Nc6 6. d3 e6 7. Be3 Nd4 8. Qd2 Ne7 9. O-O O-O 10. Nd1 Rb8 11. c3 Nxe2+ 12. Qxe2 b5 13. d4 Qc7 14. dxc5 dxc5 15. Bf4 e5 16. Bg5 b4 17. Bxe7 Qxe7 18. Ne3 Be6 19. c4 Rfd8 20. Nd5 Bxd5 21. cxd5 Bf8 22. Rac1 Qc7 23. b3 a5 24. h4 a4 25. bxa4 Qa5 26. Qc2 Ra8 27. f4 exf4 28. gxf4 Qxa4 29. e5 Qxa2 30. d6 Qxc2 31. Rxc2 Rac8 32. Rfc1 f6 33. Rxc5 Rxc5 34. Rxc5 fxe5 35. fxe5 Rb8 36. Bd5+ Kg7 37. Bb3 1-0


[Site "https://www.chess.com"]

[Event "Titled Tuesday Blitz March 08 Early 2022"]
[White "Zemerov, Vladimir"]
[Black "Flis, Pawel"]
[WhiteFideId "4111583"]
[BlackFideId "1112864"]
[WhiteElo "2277"]
[BlackElo "1735"]
[Result "1/2-1/2"]
[Round "03"]
[TimeControl "180+1"]
[Date "2022.03.09"]
[WhiteClock "0:00:29"]
[BlackClock "0:00:23"]

1. d4 Nf6 2. Nf3 c5 3. e3 g6 4. Bd3 Bg7 5. h3 O-O 6. O-O b6 7. Nbd2 Bb7 8. Qe2 d6 9. c3 Nbd7 10. e4 Qc7 11. d5 e6 12. dxe6 fxe6 13. e5 Nxe5 14. Nxe5 dxe5 15. Ne4 Nd5 16. Ng5 Qe7 17. Bc4 h6 18. Nf3 Rxf3 19. Qxf3 Nf4 20. Qg4 Bxg2 21. Bxf4 Bxf1 22. Qxe6+ Qxe6 23. Bxe6+ Kh7 24. Bxe5 Bxe5 25. Kxf1 Rd8 26. Bb3 Rd2 27. Rb1 Bf6 28. Ke1 Rd6 29. Bc2 h5 30. Ke2 Kh6 31. Rd1 Rxd1 32. Bxd1 Bg5 33. Kf3 Bc1 34. b3 Kg5 35. c4 Kf6 36. Bc2 g5 37. Ke4 g4 38. hxg4 hxg4 39. Bd1 Kg5 40. a4 Bd2 41. Be2 Bc3 42. Bf1 Bd4 43. f3 gxf3 44. Kxf3 Kf5 45. Bd3+ Ke5 46. Kg4 Bc3 47. Bc2 Bd2 48. Kf3 Kd4 49. Kg4 Kc3 50. Bd1 Bh6 51. Kf3 Kd2 52. Be2 Kc3 53. Bd1 Kd2 54. Be2 Kc3 55. Bd1 1/2-1/2


[Site "https://www.chess.com"]

[Event "Titled Tuesday Blitz March 08 Early 2022"]
[White "Zhigalko, Sergei"]
[Black "Avila Pavas, Santiago"]
[WhiteFideId "13502956"]
[BlackFideId "4437128"]
[WhiteElo "2662"]
[BlackElo "2242"]
[Result "1-0"]
[Round "03"]
[TimeControl "180+1"]
[Date "2022.03.08"]
[WhiteClock "0:00:15"]
[BlackClock "0:00:08"]

1. e4 Nf6 2. e5 Nd5 3. d4 d6 4. Nf3 g6 5. Bc4 Nb6 6. Bb3 Bg7 7. Qe2 O-O 8. h3 c5 9. dxc5 dxc5 10. O-O c4 11. Bxc4 Nxc4 12. Qxc4 Nc6 13. Re1 Bf5 14. c3 Qa5 15. Qf4 Bxb1 16. Rxb1 Qxa2 17. Be3 e6 18. Qh4 Nxe5 19. Ng5 h5 20. Ne4 Rfd8 21. Nf6+ Kh8 22. Bg5 Rd3 23. Qe4 Rd5 24. Nxd5 exd5 25. Qb4 Nd3 26. Qxb7 Rf8 27. Red1 Nc5 28. Qxd5 Nb3 29. Be7 Rg8 30. Qxf7 Qa4 31. Qxg6 Qb5 32. Bf6 Qa5 33. Qh6# 1-0


[Site "https://www.chess.com"]

[Event "Titled Tuesday Blitz March 08 Early 2022"]
[White "parintele_chess"]
[Black "Suder, Jakub"]
[BlackFideId "1195310"]
[WhiteElo "2212"]
[BlackElo "2058"]
[Result "0-1"]
[Round "03"]
[TimeControl "180+1"]
[Date "2022.03.09"]
[WhiteClock "0:00:39"]
[BlackClock "0:01:45"]

1. d4 d5 2. Bf4 c5 3. e3 Nc6 4. c3 cxd4 5. cxd4 f6 6. Nf3 Bg4 7. Bb5 Rc8 8. O-O e6 9. h3 Bh5 10. Nc3 Bd6 11. Bxd6 Qxd6 12. Be2 Nge7 13. Nd2 Bf7 14. Nb5 Qb8 15. Rc1 O-O 16. f4 Nf5 17. Rf3 a6 18. Nc3 Kh8 19. g4 Nd6 20. Bd3 e5 21. fxe5 fxe5 22. Qe1 e4 23. Ndxe4 dxe4 24. Nxe4 Nxe4 25. Bxe4 Bg8 26. Qf2 Nxd4 27. Rxf8 Rxf8 28. Qg2 Nc6 29. Rd1 Qe5 30. Rd5 Bxd5 0-1


[Site "https://www.chess.com"]

[Event "Titled Tuesday Blitz March 08 Early 2022"]
[White "Aaditya Dhingra"]
[Black "San, Thit Lwin"]
[WhiteFideId "25678191"]
[BlackFideId "13001272"]
[WhiteElo "1849"]
[BlackElo "2232"]
[Result "0-1"]
[Round "04"]
[TimeControl "180+1"]
[Date "2022.03.09"]
[WhiteClock "0:00:26"]
[BlackClock "0:01:04"]

1. e4 Nf6 2. e5 Nd5 3. c4 Nb6 4. d4 d6 5. f4 dxe5 6. fxe5 Nc6 7. Be3 Bf5 8. Nc3 e6 9. a3 Be7 10. Nf3 f6 11. exf6 Bxf6 12. Be2 O-O 13. O-O Bg4 14. d5 Bxf3 15. Bxf3 Nxc4 16. dxc6 Nxe3 17. Qb3 Nxf1 18. cxb7 Qd4+ 19. Kxf1 Rae8 20. Rd1 Qh4 21. Kg1 Be5 22. h3 Rxf3 23. gxf3 Qg3+ 24. Kf1 Qxf3+ 25. Kg1 Qg3+ 26. Kf1 Rf8+ 27. Ke2 Rf2+ 0-1


[Site "https://www.chess.com"]

[Event "Titled Tuesday Blitz March 08 Early 2022"]
[White "Abdyzhapar, Asylbek"]
[Black "Kovanova, Baira"]
[WhiteFideId "13800337"]
[BlackFideId "4164083"]
[WhiteElo "2331"]
[BlackElo "2190"]
[Result "0-1"]
[Round "04"]
[TimeControl "180+1"]
[Date "2022.03.09"]
[WhiteClock "0:02:31"]
[BlackClock "0:01:50"]

1. d4 Nf6 2. Bf4 e6 3. e3 d5 4. Nd2 Bd6 5. Bg3 c5 6. Ngf3 Qc7 7. dxc5 Qxc5 8. c3 O-O 9. Bd3 Qc7 10. Qe2 Nc6 11. O-O-O e5 12. e4 Nb4 13. Bb1 b6 14. exd5 Ba6 15. Qe3 Nbxd5 16. Qg5 Nxc3 17. bxc3 Qxc3+ 18. Bc2 Ba3+ 19. Kb1 Qb2# 0-1


[Site "https://www.chess.com"]

[Event "Titled Tuesday Blitz March 08 Early 2022"]
[White "Agasarov, Benik"]
[Black "Kozak, Antoni"]
[WhiteFideId "13314823"]
[BlackFideId "21832030"]
[WhiteElo "2564"]
[BlackElo "2236"]
[Result "0-1"]
[Round "04"]
[TimeControl "180+1"]
[Date "2022.03.09"]
[WhiteClock "0:00:15"]
[BlackClock "0:00:07"]

1. e4 c5 2. Nf3 d6 3. d4 cxd4 4. Nxd4 Nf6 5. Nc3 a6 6. Be3 e5 7. Nf3 Be7 8. Bc4 O-O 9. O-O Nc6 10. Nd5 Nxd5 11. Bxd5 Be6 12. c3 Qc7 13. Qd2 Rac8 14. b3 b5 15. Rac1 Bxd5 16. Qxd5 Qa5 17. Rc2 h6 18. Rfc1 Qc7 19. a3 Qa5 20. b4 Qa4 21. c4 Qxa3 22. Rc3 Qa4 23. cxb5 Nxb4 24. Qb7 Rxc3 25. Rf1 Bf6 26. b6 Qc6 27. Qa7 Nc2 28. b7 Qc7 29. Bb6 Qb8 30. Qxa6 Rb3 31. Nd2 Rb4 32. Qa5 Bd8 33. Bxd8 Qxd8 34. Qa2 Nd4 35. Nc4 Rxb7 36. Ne3 Qb8 37. Qd5 Rb1 38. h4 Rxf1+ 39. Nxf1 Qb1 40. Qxd6 Ne2+ 41. Kh2 Qxf1 42. Qxe5 Qxf2 43. Kh3 Nf4+ 44. Kg4 h5+ 45. Kg5 f6+ 46. Qxf6 gxf6+ 47. Kh6 Qg3 48. e5 Qg6# 0-1


[Site "https://www.chess.com"]

[Event "Titled Tuesday Blitz March 08 Early 2022"]
[White "Ahn, Hongjin"]
[Black "Svane, Rasmus"]
[WhiteFideId "13201492"]
[BlackFideId "4657101"]
[WhiteElo "1873"]
[BlackElo "2645"]
[Result "0-1"]
[Round "04"]
[TimeControl "180+1"]
[Date "2022.03.08"]
[WhiteClock "0:00:02"]
[BlackClock "0:00:21"]

1. e4 c6 2. d4 d5 3. e5 Bf5 4. Nf3 e6 5. Be2 Ne7 6. O-O Ng6 7. c4 dxc4 8. Bxc4 Nd7 9. Nc3 Be7 10. Qe2 Nb6 11. Bb3 Bg4 12. Rd1 Nh4 13. Ne4 O-O 14. Bf4 Nd5 15. Bg3 Nxf3+ 16. gxf3 Bh5 17. Rac1 Bg5 18. Nxg5 Qxg5 19. Bxd5 exd5 20. Rd2 Rae8 21. f4 Qh6 22. Qe3 f6 23. b4 Bg6 24. a4 fxe5 25. dxe5 a6 26. b5 axb5 27. axb5 Be4 28. bxc6 bxc6 29. f3 Bf5 30. Qc5 Bd7 31. Qe3 Qh5 32. Rb2 Qf5 33. Rb7 Rb8 34. Rc7 Rb2 35. e6 Qh3 36. Bf2 Rf6 37. Kh1 Rh6 38. Bg1 Rxh2+ 39. Bxh2 Qxh2# 0-1


[Site "https://www.chess.com"]

[Event "Titled Tuesday Blitz March 08 Early 2022"]
[White "Alavi, Sayed Javad"]
[Black "Begunov, Konstantin"]
[WhiteFideId "12500607"]
[BlackFideId "4118510"]
[WhiteElo "2475"]
[BlackElo "2262"]
[Result "1-0"]
[Round "04"]
[TimeControl "180+1"]
[Date "2022.03.09"]
[WhiteClock "0:00:21"]
[BlackClock "0:00:19"]

1. e4 c5 2. Nf3 d6 3. d4 cxd4 4. Qxd4 a6 5. c4 Nc6 6. Qd2 Bg4 7. Be2 Rc8 8. b3 Nf6 9. Nc3 g6 10. Bb2 Bg7 11. h3 Bxf3 12. Bxf3 O-O 13. Be2 Qa5 14. Bd3 Rb8 15. O-O b5 16. Rfe1 bxc4 17. Bxc4 Ne5 18. Bf1 Rfc8 19. Qe3 Qc5 20. Qxc5 Rxc5 21. Bxa6 Nh5 22. Kf1 Nf4 23. Red1 Ra8 24. Be2 Rac8 25. Rac1 Kf8 26. g3 Nxe2 27. Nxe2 Rc2 28. Nd4 Rxc1 29. Rxc1 Rxc1+ 30. Bxc1 Nd3 31. Be3 Bxd4 32. Bxd4 Nc1 33. Be3 Nxa2 34. Bd2 e6 35. Ke2 Ke7 36. Kd3 d5 37. exd5 exd5 38. Kc2 d4 39. Kb2 Nc3 40. Bxc3 dxc3+ 41. Kxc3 Kd6 42. Kc4 Kc6 43. b4 h5 44. b5+ Kb6 45. h4 f6 46. f3 g5 47. f4 gxh4 48. gxh4 f5 49. Kb4 Kb7 50. Kc5 Kc7 51. Kd5 Kb7 52. Ke5 1-0


[Site "https://www.chess.com"]

[Event "Titled Tuesday Blitz March 08 Early 2022"]
[White "Albertini, Luca"]
[Black "Estrada Nieto, Julian"]
[WhiteFideId "847038"]
[BlackFideId "5101018"]
[WhiteElo "2207"]
[BlackElo "2246"]
[Result "0-1"]
[Round "04"]
[TimeControl "180+1"]
[Date "2022.03.09"]
[WhiteClock "0:00:06"]
[BlackClock "0:00:45"]

1. d4 d5 2. Nf3 Nf6 3. g3 c6 4. Bg2 Bf5 5. O-O Nbd7 6. b3 e6 7. c4 Bd6 8. Bb2 h6 9. Nc3 O-O 10. Re1 Bb4 11. a3 Bxc3 12. Bxc3 Be4 13. Nd2 Bxg2 14. Kxg2 b5 15. Bb4 Re8 16. Bd6 bxc4 17. bxc4 Nb6 18. c5 Nc8 19. Be5 Nd7 20. e4 Nxe5 21. dxe5 Ne7 22. Qa4 Qc7 23. Nf3 Ng6 24. exd5 exd5 25. Nd4 Nxe5 26. f4 Nd7 27. Qxc6 Qxc6 28. Nxc6 Nxc5 29. Rxe8+ Rxe8 30. Nxa7 d4 31. Nc6 d3 32. Ne5 f6 33. Nc4 Re2+ 34. Kf3 Rc2 35. Ne3 Rc3 36. a4 d2 37. Ke2 Nb3 38. Ra3 Nd4+ 39. Kd1 Rxa3 40. Kxd2 Rxa4 0-1


[Site "https://www.chess.com"]